 Dungeon Crawl Stone Soup version 0.29.1-15-g9cfb28693d (webtiles) character file.

Game seed: 5272017098206595794

38 safid the Chiller (level 3, -6/27 HPs)
             Began as a Merfolk Ice Elementalist on Feb 24, 2023.
             Mangled by Sigmund
             ... wielding a +0 vampiric scythe
              (9 damage)
             ... on level 2 of the Dungeon.
             The game lasted 00:03:51 (1808 turns).

safid the Chiller (Merfolk Ice Elementalist)        Turns: 1808, Time: 00:03:52

Health: -6/27      AC:  2    Str:  8    XL:     3   Next: 43%
Magic:  1/6        EV: 12    Int: 16    God:
Gold:   44         SH:  0    Dex: 14    Spells: 3/7 levels left

rFire   . . .      SeeInvis .   d - +0 dagger
rCold   . . .      Faith    .   (no shield)
rNeg    . . .      Spirit   .   a - +0 robe
rPois   .          Reflect  .   (no helmet)
rElec   .          Harm     .   (no cloak)
rCorr   .          Rampage  .   (no gloves)
Will    .....                   (no boots)
Stlth   ++........              (no amulet)
HPRegen 0.09/turn               (no ring)
MPRegen 0.10/turn               (no ring)

@: freezing walls
A: (nimble swimmer 2), mertail
a: no special abilities


You were on level 2 of the Dungeon.
You visited 1 branch of the dungeon, and saw 2 of its levels.

You collected 44 gold pieces.

Inventory:

Hand Weapons
 d - a +0 dagger (weapon)
Armour
 a - a +0 robe (worn)
Potions
 b - a potion of magic
 c - 2 potions of brilliance {unknown}
 e - a potion of mutation {unknown}
 f - a potion of cancellation {unknown}


   Skills:
 + Level 1.7 Fighting
 - Level 2.6 Dodging
 - Level 2.1 Stealth
 + Level 2.5 Spellcasting
 + Level 4.8 Ice Magic


You had 3 spell levels left.
You knew the following spells:

 Your Spells              Type           Power      Damage    Failure   Level
a - Freeze                Ice            68%        1d8       2%          1
b - Frozen Ramparts       Ice            34%        1d6       8%          3

Your spell library contained the following spells:

 Spells                   Type           Power      Damage    Failure   Level
 Ozocubu's Armour         Ice            17%        N/A       8%          3
 Hailstorm                Conj/Ice       9%         3d4       58%         4


Dungeon Overview and Level Annotations

Branches:
Dungeon (2/15)

Altars:

Shops:
D:1 (

Annotations:
D:2 Sigmund


Innate Abilities, Weirdness & Mutations

((You are very nimble when in or above water. (Stealth+, EV+, Speed+++)))
Your lower body shifts to a powerful aquatic tail in water.


Message History

Unknown command.
Unknown command.
Sigmund mumbles some strange words.
Sigmund flickers and vanishes!
Deactivating autopickup; reactivate with Ctrl-A.
The kobold throws a stone.
The stone misses you.
Casting: Frozen Ramparts (quite dangerous; 8% risk of failure)
Confirm with . or Enter, or press ? or * to list all spells.
The spell is quite dangerous to miscast (8% risk of failure)!
Continue anyway? [Y]es or [N]o only, please.
The spell is quite dangerous to miscast (8% risk of failure)!
Continue anyway?
Casting: Frozen Ramparts (quite dangerous; 8% risk of failure)
Press: ? - help, Dir - look around, f - activate The walls around you are covered in ice.
The wall freezes the kobold.
You kill the kobold!
You are confused.
A rat comes into view.
You feel less confused.
The wall freezes something.
A magic dart appears from out of thin air!
The magic dart hits you!
The wall freezes something.
Something hits you!
* * * LOW HITPOINT WARNING * * *
Casting: Frozen Ramparts (quite dangerous; 8% risk of failure)
Confirm with . or Enter, or press ? or * to list all spells.
You don't know that spell.
Unknown command.
The frozen ramparts melt away.
Something hits you.
* * * LOW HITPOINT WARNING * * *
Casting: Frozen Ramparts (quite dangerous; 8% risk of failure)
Confirm with . or Enter, or press ? or * to list all spells.
The spell is quite dangerous to miscast (8% risk of failure)!
Continue anyway? [Y]es or [N]o only, please.
The spell is quite dangerous to miscast (8% risk of failure)!
Continue anyway?
Casting: Frozen Ramparts (quite dangerous; 8% risk of failure)
Press: ? - help, Dir - look around, f - activate The walls around you are covered in ice.
The wall freezes something.
Something hits you!
You die...

###... ##..P.# #####
##...... # #...# #..♣_.♣.
.### #...# .#..♣PP♣.
...###...# #.#..P..P.
#..##...# #.#...PP..
.#.#####.##...# #.#.......
.......r.@....# #.#...†...
.......{###.#####.#.......
........# #.......#.......
........# #.......#.......
........# #.......#.......
........# #.......#.......
.......?# ##......##.#####
........# #.......#.#
........# #.......#.#


You could see a rat.

Vanquished Creatures
  An adder (D:2)
  A worm (D:2)
  3 bats (D:1)
  2 endoplasms
  3 giant cockroaches (D:1)
  2 goblins (D:1)
  2 hobgoblins
  2 jackals (D:1)
  3 kobolds
  2 ball pythons (D:1)
  4 rats (D:1)
25 creatures vanquished.

Vanquished Creatures (others)
  3 withered plants (D:2)
3 creatures vanquished.

Grand Total: 28 creatures vanquished

Notes
Turn   | Place    | Note
-------+----------+-------------------------------------------
     0 | D:1      | safid the Merfolk Ice Elementalist began the quest for the
                  | Orb.
     0 | D:1      | Reached XP level 1. HP: 13/13 MP: 3/3
   114 | D:1      | Found Kozob's Antique Weapon Emporium.
   444 | D:1      | Reached XP level 2. HP: 20/20 MP: 1/5
   448 | D:1      | Reached skill level 1 in Fighting
  1404 | D:2      | Reached XP level 3. HP: 7/26 MP: 0/6
  1408 | D:2      | Learned a level 3 spell: Frozen Ramparts
  1654 | D:2      | Found a faded altar of an unknown god.
  1793 | D:2      | Noticed Sigmund
  1808 | D:2      | Mangled by Sigmund

Illustrated notes

Levels and vault maps discovered:
D:1:      erik_arrival_triangle_small, layout_loops_corners, serial_shops,
          nicolae_shop_stone
D:2:      layout_basic, ebering_ecumenical_altar_petrified, minmay_pentomino_v4,
          uniq_sigmund

Skill      XL: |  1  2 |
---------------+-------+-----
Fighting       | 1 |  1.7
Dodging        | |  2.6
Stealth        | |  2.1
Spellcasting   | |  2.5
Ice Magic      | |  4.8

Action                   || total
-------------------------++-------
Melee: Unarmed           ||    13
       Dagger            ||    49
 Cast: Freeze            ||    25
       Frozen Ramparts   ||     2
 Stab: Sleeping          ||     1
Armor: Robe              ||    18
Dodge: Dodged            ||    54
